 Dungeon Crawl Stone Soup version 0.26-a0-812-g31a745ddcd (webtiles) character file.

Game seed: 2808865935802421910

10500 kae the Transmogrifier (level 11, -4/61 HPs)
             Began as a Tengu Transmuter on Nov 19, 2020.
             Was a Priest of Hepliaklqana.
             Slain by a black mamba (8 damage)
             ... on level 1 of the Lair of Beasts.
             The game lasted 00:14:10 (18419 turns).

kae the Transmogrifier (Tengu Transmuter)          Turns: 18419, Time: 00:14:11

Health: -4/61      AC:  6    Str: 14    XL:     11   Next: 63%
Magic:  25/25      EV: 15    Int: 17    God:    Hepliaklqana [***...]
Gold:   685        SH:  0    Dex: 14    Spells: 3/16 levels left

rFire    + . .     SeeInvis .     - Unarmed
rCold    . . .     Faith    .   (no shield)
rNeg     . . .     Spirit   .   a - +2 robe
rPois    .         Reflect  .   (helmet currently unavailable)
rElec    .         Harm     .   C - +0 cloak of the Maze {Int+3}
rCorr    .         Rampage  .   G - +0 pair of gloves "Xodag" {rF+ MP+9}
MR       .....                  (boots unavailable)
Stlth    +++.......             (no amulet)
HPRegen  0.00/turn              (no ring)
MPRegen  0.19/turn              (no ring)

@: appendages, flying quickly and evasively, quick
A: reduced essence, beak, horns 2, talons 3, inhibited regeneration, able to fly
a: Stop Flying, End Transformation, Recall Ancestor, Ancestor Identity,
Transference, Renounce Religion


You were on level 1 of the Lair of Beasts.
You worshipped Hepliaklqana.
Hepliaklqana was most pleased with you.
You had grown temporary horns.
You visited 3 branches of the dungeon, and saw 12 of its levels.
You also visited: Ossuary.

You collected 685 gold pieces.

Inventory:

Armour
 a - a +2 robe (worn)
 s - a +2 cloak of stealth
 C - the +0 cloak of the Maze (worn) {Int+3}
   (You found it on level 10 of the Dungeon)

   It affects your intelligence (+3).
 G - the +0 pair of gloves "Xodag" (worn) {rF+ MP+9}
   (You found it on level 10 of the Dungeon)

   It protects you from fire.
   It affects your magic capacity (+9).
Jewellery
 d - an uncursed ring of fire
 h - an uncursed amulet of regeneration
 o - the amulet of the Air {Inacc +Fly rElec EV+5 RMsl}
   (You found it on level 4 of the Dungeon)

   [amulet of inaccuracy]

   It reduces the accuracy of all your attacks.
   It affects your evasion (+5).
   It insulates you from electricity.
   It lets you fly.
   It protects you from missiles.
 v - an uncursed ring of positive energy {unknown}
 B - a cursed ring of attention {unknown}
Wands
 f - a wand of polymorph (30)
 E - a wand of random effects (23)
 F - a wand of paralysis (8)
Scrolls
 b - 3 scrolls of blinking
 c - 6 scrolls of teleportation
 e - 4 scrolls of identify
 i - 2 scrolls of random uselessness
 j - a scroll of holy word
 p - 4 scrolls of amnesia
 w - 2 scrolls of enchant weapon
 x - 3 scrolls of magic mapping
 y - a scroll of fog
Potions
 g - 4 potions of lignification
 k - 2 potions of heal wounds
 l - 3 potions of curing
 m - a potion of mutation
 n - a potion of haste
 q - 2 potions of cancellation
 r - 2 potions of attraction
 u - 2 potions of might
 z - a potion of brilliance


   Skills:
 + Level 8.1 Fighting
 - Level 2.1 Dodging
 - Level 5.0 Stealth
 + Level 9.4 Unarmed Combat
 - Level 3.0 Spellcasting
 * Level 10.0 Transmutations
 - Level 4.0 Ice Magic
 - Level 3.0 Poison Magic


You had 3 spell levels left.
You knew the following spells:

 Your Spells              Type           Power        Failure   Level
a - Beastly Appendage     Tmut           #####.       1%          1
b - Spider Form           Tmut/Pois      ###.......   3%          3
c - Blade Hands           Tmut           #####.....   8%          5
d - Ice Form              Ice/Tmut       ####....     10%         4

Your spell library contained the following spells:

 Spells                   Type           Power        Failure   Level
 Wereblood                Tmut           #####...     1%          2
 Animate Skeleton         Necr           #.....       17%         1
 Apportation              Tloc           #.....       17%         1
 Corona                   Hex            #......      17%         1
 Foxfire                  Conj/Fire      #...         17%         1
 Summon Small Mammal      Summ           #...         17%         1
 Conjure Flame            Conj/Fire      #.......     45%         3
 Inner Flame              Hex/Fire       #.......     45%         3
 Sticky Flame             Conj/Fire      #.......     86%         4
 Fireball                 Conj/Fire      #.........   99%         5


Dungeon Overview and Level Annotations

Branches:
Dungeon (10/15)            Temple (1/1) D:4            Lair (1/6) D:8
    Orc (0/2) D:10        Ossuary (visited)

Altars:
Ashenzari
Cheibriados
Dithmenos
Elyvilon
Fedhas
Gozag
Hepliaklqana
Kikubaaqudgha
Makhleb
Nemelex Xobeh
Okawaru
Qazlal
Ru
Sif Muna
Trog
Uskayaw
Vehumet
Wu Jian
Xom
Yredelemnul
Zin
The Shining One
Lugonu

Shops:
D:7 [   D:8 [


Innate Abilities, Weirdness & Mutations

You have a beak for a mouth.
You have claws for feet.
You can fly continuously.
Your life essence is reduced to manifest your ancestor. (-10% HP)
You have a pair of horns on your head.
You do not regenerate when monsters are visible.


Message History

The black mamba barely misses you.
You are too injured to fight recklessly!
You are too injured to fight recklessly!
You are too injured to fight recklessly!
You are too injured to fight recklessly!
You feel sick. The black mamba bites you!
You barely miss the black mamba.
You claw the black mamba, but do no damage.
Your headbutt misses the black mamba.
The black mamba is lightly wounded.
You feel sick. The black mamba bites you!
* * * LOW HITPOINT WARNING * * *
You are more poisoned.
The black mamba poisons you! The black mamba barely misses you.
Friðuswiþ hits the black mamba with a +0 dagger of draining.
You feel better. The black mamba bites you!
* * * LOW HITPOINT WARNING * * *
Friðuswiþ barely misses the black mamba.
The black mamba bites you!
You die...

#.>........#
##.........## .
#..........## ## ..
##...#.#.#.#.##.#...
#....>..............
#....#.#.#.#.#.###..
##..P#..........#
####...###.#.#.#R#.#
##.......#......@S..#
.#...##...#.#.#.#.###
...##.###..........#
..##### ##.#.#.#.##
..# ......... .R###
........P ....# ...
.....## ...## ... ...
.. ...#


You could see the friendly Friðuswiþ the hexer and a black mamba.

Vanquished Creatures
  2 ugly things (D:10)
  A black mamba (Lair:1)
  2 cane toads (Lair:1)
  3 kobold demonologists (D:10)
  A troll (D:10)
  A polar bear (Lair:1)
  Grinder (D:4)
  2 basilisks
  7 yaks (D:10)
  A water moccasin (Lair:1)
  3 orc warriors
  Duvessa (D:4)
  3 ice beasts
  A phantom (D:10)
  A black bear (D:7)
  4 sky beasts
  4 ogres
  2 centaurs
  A big kobold (D:10)
  5 bullfrogs
  2 gnoll sergeants (D:9)
  A wyvern zombie (D:8)
  A wyvern skeleton (D:7)
  5 scorpions
  8 killer bees (D:8)
  8 wights
  A howler monkey (D:8)
  A centaur zombie (Ossuary)
  2 jellies
  5 hounds
  Crazy Yiuf (D:5)
  4 orc priests
  Jessica (D:3)
  3 iguanas
  Natasha (twice) (D:4)
  8 orc wizards
  11 worker ants
  2 killer bee zombies (D:10)
  A hexer (D:7)
  A hound zombie (D:5)
  2 hound skeletons
  2 mummies (Ossuary)
  2 worker ant zombies
  21 gnolls
  8 adders
  3 shadow imps
  2 white imps (D:8)
  An adder zombie (D:7)
  2 worms (D:4)
  An adder skeleton (D:5)
  3 dart slugs
  7 leopard geckos
  28 orcs
  3 ball pythons
  8 bats
  10 giant cockroaches
  10 goblins
  13 hobgoblins
  9 jackals
  9 kobolds
  8 quokkas
  3 frilled lizards (D:1)
  4 hobgoblin zombies (Ossuary)
  A jackal skeleton (D:7)
  A jackal zombie (D:5)
  A quokka skeleton (D:6)
  14 rats
290 creatures vanquished.

Vanquished Creatures (collateral kills)
  A shadow (D:7)
  A yak (D:10)
  A black bear (D:7)
  A phantom (D:10)
  A centaur (D:10)
  2 bullfrogs
  Dowan (D:3)
  A wight (D:8)
  A centaur zombie (Ossuary)
  A centaur skeleton (D:4)
  A gnoll shaman (D:8)
  A jelly (D:7)
  2 orc wizards
  Natasha (D:4)
  2 worker ants
  2 big kobold zombies (Ossuary)
  2 mummies (Ossuary)
  A gnoll (D:8)
  2 adders (D:4)
  A white imp (D:9)
  7 orcs
  A giant cockroach (D:4)
  A kobold (D:10)
  A ball python (D:5)
36 creatures vanquished.

Vanquished Creatures (others)
  A hexer (D:7)
  4 demonic plants (D:10)
  7 fungi
  9 plants
21 creatures vanquished.

Grand Total: 347 creatures vanquished

Notes
Turn   | Place    | Note
-------+----------+-------------------------------------------
     0 | D:1      | kae the Tengu Transmuter began the quest for the Orb.
     0 | D:1      | Reached XP level 1. HP: 12/12 MP: 4/4
    82 | D:1      | Reached XP level 2. HP: 13/16 MP: 4/6
   431 | D:1      | Reached skill level 2 in Transmutations
   745 | D:1      | Reached XP level 3. HP: 15/20 MP: 7/7
  2466 | D:2      | Learned a level 3 spell: Spider Form
  2492 | D:2      | Reached XP level 4. HP: 19/25 MP: 7/9
  3504 | D:3      | Noticed Jessica
  3510 | D:3      | Killed Jessica
  3628 | D:3      | Noticed a bullfrog
  3638 | D:3      | Killed a bullfrog
  3638 | D:3      | Reached skill level 3 in Transmutations
  3638 | D:3      | Gained mutation: You can fly continuously. [Tengu growth]
  3638 | D:3      | Reached XP level 5. HP: 17/30 MP: 8/10
  4128 | D:3      | Reached XP level 6. HP: 21/36 MP: 9/11
  5417 | D:4      | Found a staircase to the Ecumenical Temple.
  5433 | Temple   | Entered the Ecumenical Temple
  5490 | Temple   | Became a worshipper of Hepliaklqana the Forgotten
  5720 | D:4      | Reached skill level 4 in Transmutations
  5808 | D:4      | Learned a level 5 spell: Blade Hands
  5827 | D:4      | Reached skill level 1 in Poison Magic
  5827 | D:4      | Reached XP level 7. HP: 36/36 MP: 6/12
  5946 | D:4      | Found a hide-covered altar of Uskayaw.
  6327 | D:4      | Reached skill level 5 in Unarmed Combat
  6561 | D:4      | Noticed Natasha
  6567 | D:4      | Killed Natasha
  6706 | D:4      | Noticed Natasha
  6717 | D:4      | Killed Natasha
  6772 | D:4      | Noticed Natasha
  6778 | D:4      | Killed Natasha
  7143 | D:4      | Noticed Duvessa
  7143 | D:4      | Noticed Dowan
  7159 | D:4      | Killed Duvessa
  7159 | D:4      | Reached XP level 8. HP: 29/43 MP: 10/13
  7166 | D:3      | Killed Dowan
  7166 | D:3      | Reached skill level 5 in Transmutations
  7444 | D:4      | Noticed Grinder
  7456 | D:4      | Killed Grinder
  7508 | D:4      | Found the amulet of the Air {Inacc +Fly rElec EV+5 RMsl}
  7548 | D:4      | Reached * piety under Hepliaklqana
  7565 | D:5      | Entered Level 5 of the Dungeon
  7632 | D:5      | Found a sand-covered staircase.
  7670 | Ossuary  | Entered an ossuary
  7844 | Ossuary  | Reached skill level 6 in Transmutations
  8596 | D:5      | Found a runed translucent door.
  8597 | D:5      | Noticed Crazy Yiuf
  8881 | D:5      | HP: 1/43 [centaur (9)]
  8884 | D:5      | Reached skill level 5 in Fighting
  8884 | D:5      | Reached XP level 9. HP: 2/48 MP: 11/14
  9418 | D:5      | Killed Crazy Yiuf
  9875 | D:6      | Reached skill level 1 in Stealth
  9917 | D:6      | Reached ** piety under Hepliaklqana
  9918 | D:6      | Remembered your ancestor Friðuswiþ as a hexer
 10884 | D:7      | Reached skill level 7 in Transmutations
 11075 | D:7      | Found Efresoiq's Antique Armour Shoppe.
 11835 | D:7      | Reached XP level 10. HP: 54/54 MP: 11/15
 12210 | D:8      | Reached skill level 8 in Transmutations
 12393 | D:8      | Learned a level 4 spell: Ice Form
 12573 | D:8      | Found Qigis's Antique Armour Emporium.
 12643 | D:8      | Reached skill level 1 in Ice Magic
 12647 | D:8      | Found a staircase to the Lair.
 13298 | D:8      | Gained mutation: You do not regenerate when monsters are
                  | visible. [mutagenic glow]
 13767 | D:8      | Found a bloodstained altar of Trog.
 14191 | D:8      | You are sucked into a shaft and drop 1 floor!
 14258 | D:9      | Reached *** piety under Hepliaklqana
 14903 | D:9      | Noticed a red ugly thing
 15473 | D:10     | Entered Level 10 of the Dungeon
 15526 | D:10     | Found a staircase to the Orcish Mines.
 15616 | D:10     | Noticed a green ugly thing
 15629 | D:10     | Reached skill level 5 in Stealth
 15633 | D:10     | Killed a green ugly thing
 15633 | D:10     | Reached skill level 9 in Transmutations
 15633 | D:10     | Reached XP level 11. HP: 21/60 MP: 11/16
 15948 | D:10     | Got a spiked cloak
 16035 | D:10     | Identified the cursed +0 cloak of the Maze {Int+3} (You
                  | found it on level 10 of the Dungeon)
 16129 | D:10     | Noticed a sixfirhy
 16137 | D:10     | Found a corrupted altar of Lugonu.
 17168 | D:10     | Got a pair of pitted gloves
 17174 | D:10     | Identified the +0 pair of gloves "Xodag" {rF+ MP+9} (You
                  | found it on level 10 of the Dungeon)
 17219 | D:10     | Killed a red ugly thing
 17675 | Lair:1   | Entered Level 1 of the Lair of Beasts
 17695 | Lair:1   | HP: 2/61 [cane toad (15)]
 18141 | Lair:1   | Reached skill level 10 in Transmutations
 18419 | Lair:1   | Slain by a black mamba

Illustrated notes

Levels and vault maps discovered:
D:1:      dpeg_arrival_short_road, layout_basic, minmay_cut_off
D:2:      layout_loops_corners, grunt_decor_fettered, hex_large, minivault_26,
          minmay_worlds_worst_comb
D:3:      layout_basic, minmay_between, uniq_jessica
D:4:      layout_loops_cross, old_standard_altar, minmay_temple_entry_mist,
          uniq_grinder, uniq_duvessa, uniq_natasha
D:5:      layout_basic, nicolae_ossuary_entry_monument, uniq_crazy_yiuf_cottage
D:6:      layout_loops_ring
D:7:      layout_loops_ring, serial_shops, shop
D:8:      layout_loops_ring, dpeg_oklobed_lair, serial_shops,
          nicolae_shop_behind_doors, trog_hazing_becter
D:9:      layout_roguey
D:10:     kennysheep_kobold_lugonu_temple, layout_loops_cross
Temple:   nicolae_temple_the_god_donut
Lair:1:   dpeg_oklob_gauntlet, layout_cave_pods, basic_altar,
          grunt_forest_stairs_basic, st_stairs_9, hangedman_lair_generics_rect

Skill      XL: |  1  2  3  4  5  6  7  8  9 10 11 |
---------------+----------------------------------+-----
Transmutations | 2 3 4 6 7 9 10 | 10.0
Spellcasting   | 3 |  3.0
Fighting       | 2 3 5 6 7 8 |  8.1
Unarmed Combat | 4 5 6 7 8 9 |  9.4
Poison Magic   | 1 2 3 |  3.0
Stealth        | 3 5 |  5.0
Ice Magic      | 3 4 |  4.0
Dodging        | |  2.1

Action                   |  1- 3 |  4- 6 |  7- 9 | 10-12 || total
-------------------------+-------+-------+-------+-------++-------
Melee: Unarmed           |   105 |   143 |   310 |   294 ||   852
       Kick              |    14 |    27 |    19 |    63 ||   123
       Peck              |    10 |    13 |    10 |    39 ||    72
       Headbutt          |     5 |    12 |     6 |    17 ||    40
       Punch             |       |     3 |     3 |     5 ||    11
 Cast: Beastly Appendage |    24 |    25 |     8 |    16 ||    73
       Spider Form       |       |     5 |    47 |    10 ||    62
       Blade Hands       |       |       |       |    20 ||    20
Invok: Ancestor Life: He |       |       |     1 |       ||     1
       Recall Ancestor   |       |       |       |     4 ||     4
 Abil: Fly               |       |       |       |     1 ||     1
Evoke: Wand              |       |       |       |     3 ||     3
  Use: Potion            |     3 |     2 |       |     5 ||    10
       Scroll            |       |     8 |     4 |    11 ||    23
 Stab: Sleeping          |     2 |     1 |     3 |     5 ||    11
       Distracted        |       |     1 |     5 |     3 ||     9
       Confused          |       |       |       |     2 ||     2
       Paralysed         |       |       |       |     1 ||     1
Armor: Robe              |    27 |    15 |     4 |    24 ||    70
       Skin              |       |       |     8 |       ||     8
Dodge: Dodged            |    93 |   103 |   233 |   213 ||   642

Table legend: (Time is in decaauts)
 A = Elapsed time spent in this place.
 B = Non-inter-level travel time spent in this place.
 C = Inter-level travel time spent in this place.
 D = Time resting spent in this place.
 E = Time spent auto-exploring this place.
 F = Levels seen in this place.
 G = Mean time per level.
                   A        B        C        D        E       F      G
               +--------+--------+--------+--------+--------+-----+--------+
         Total |  18152 |  17599 |    553 |   2496 |  12895 |  13 | 1396.3 |
       Dungeon |  17039 |  16563 |    476 |   2238 |  12269 |  10 | 1703.9 |
        Temple |    209 |    166 |     43 |      0 |    165 |   1 |  209.0 |
          Lair |    433 |    399 |     34 |    197 |    132 |   1 |  433.0 |
       Ossuary |    469 |    469 |      0 |     61 |    329 |   1 |  469.0 |
               +--------+--------+--------+--------+--------+-----+--------+

Top non-repeatable levels by time:
     D:8: 2474 daAuts
     D:3: 2236 daAuts
     D:1: 2124 daAuts
    D:10: 1954 daAuts
     D:7: 1693 daAuts
     D:4: 1666 daAuts
     D:5: 1604 daAuts
     D:2: 1306 daAuts
     D:9: 1176 daAuts
     D:6: 802 daAuts
 Ossuary: 469 daAuts
  Lair:1: 433 daAuts
  Temple: 209 daAuts
